 Dungeon Crawl Stone Soup version 0.29.1-13-g9f3cf754e1 (webtiles) character file.

Game seed: 18411295581880011481

2725 flickminster the Cleaver (level 9, -4/79 HPs)
             Began as a Minotaur Berserker on Feb 1, 2023.
             Was an Initiate of Makhleb.
             Slain by a black bear (5 damage)
             ... created by the rage of Trog
             ... on level 8 of the Dungeon.
             The game lasted 01:02:55 (8382 turns).

flickminster the Cleaver (Minotaur Berserker)       Turns: 8382, Time: 01:02:56

Health: -4/79      AC: 12    Str: 27    XL:     9   Next: 40%
Magic:  7/8        EV: 14    Int:  1    God:    Makhleb [......]
Gold:   364        SH:  0    Dex: 16    Spells: 8/8 levels left

rFire   . . .      SeeInvis .   O - +10 hammer of Kufeeseg {vorpal, rF+}
rCold   + . .      Faith    .   (no shield)
rNeg    . . .      Spirit   .   I - +1 leather armour {Will+}
rPois   +          Reflect  .   (helmet restricted)
rElec   +          Harm     .   N - +1 cloak
rCorr   .          Rampage  .   (no gloves)
Will    +....                   j - +0 pair of boots
Stlth   ++........              (no amulet)
HPRegen 0.23/turn               m - ring of Puggu {Ice rElec rPois Int-3 Dex+7}
MPRegen 0.11/turn               w - ring "Idiqot" {+Blink AC+4}

@: about to teleport
A: horns 2, retaliatory headbutt
a: Renounce Religion, Evoke Blink


You were on level 8 of the Dungeon.
You worshipped Makhleb.
Makhleb was noncommittal.
You visited 2 branches of the dungeon, and saw 9 of its levels.

You collected 364 gold pieces.

Inventory:

Hand Weapons
 a - a +0 hand axe
 c - a +4 hand axe of electrocution
 h - a +0 sling
 p - a +0 hand axe
 s - a +2 dagger of speed
 B - a +4 vampiric hand axe
 C - the +1 dagger of Jekuggik {vorpal, *Noise *Corrode rElec Int+8}
   (You found it on level 5 of the Dungeon)

   It inflicts extra damage upon your enemies.
   Int:       It affects your intelligence (+8).
   rElec:     It insulates you from electricity.
   *Noise:    It may make noises in combat.
   *Corrode:  It may corrode you when you take damage.
 M - a +4 quarterstaff of chaos
 O - the +10 hammer of Kufeeseg (weapon) {vorpal, rF+}
   (You found it on level 7 of the Dungeon)

   It inflicts extra damage upon your enemies.
   rF:        It protects you from fire.
Missiles
 i - 45 stones (quivered)
 u - 2 boomerangs
 G - 3 poisoned darts
Armour
 b - a +0 animal skin
 f - a +0 ring mail
 j - a +0 pair of boots (worn)
 l - a +0 scale mail
 n - a +0 chain mail
 I - a +1 leather armour of willpower (worn)
 N - a +1 cloak (worn)
Jewellery
 m - the ring of Puggu (left hand) {Ice rElec rPois Int-3 Dex+7}
   (You found it on level 3 of the Dungeon)

   [ring of ice]

   It enhances your ice magic.
   Int:       It affects your intelligence (-3).
   Dex:       It affects your dexterity (+7).
   rF:        It makes you vulnerable to fire.
   rC:        It protects you from cold.
   rElec:     It insulates you from electricity.
   rPois:     It protects you from poison.
 q - a +6 ring of strength
 w - the ring "Idiqot" (right hand) {+Blink AC+4}
   (You found it on level 4 of the Dungeon)

   [ring of protection]

   AC:        It affects your AC (+4).
   +Blink:    It lets you blink.
 y - a ring of resist corrosion
 F - a ring of resist corrosion
Wands
 r - a wand of polymorph (3)
 H - a wand of flame (25)
Scrolls
 d - a scroll of poison
 e - a scroll of magic mapping
 g - a scroll of teleportation
 o - a scroll of fog
 v - a scroll of fear {unknown}
 A - a scroll of immolation {unknown}
 J - a scroll of amnesia {unknown}
 L - 2 scrolls of identify
Potions
 k - a potion of resistance
 t - 2 potions of berserk rage
 x - a potion of curing
 D - 2 potions of might {unknown}
 E - 2 potions of attraction {unknown}
 K - a potion of haste
 P - a potion of ambrosia {unknown}


   Skills:
 + Level 7.6 Fighting
 + Level 0.7 Short Blades
 + Level 10.5(10.6) Axes
 + Level 1.1(6.7) Maces & Flails
 + Level 0.6 Ranged Weapons
 + Level 8.2 Armour
 + Level 4.8 Dodging
 + Level 1.4 Stealth
 + Level 0.5 Evocations


You had 8 spell levels left.
You didn't know any spells.
Your spell library was empty.

Dungeon Overview and Level Annotations

Branches:
Dungeon (8/15)             Temple (1/1) D:6
   Lair: D:8-11

Altars:
Ashenzari
Cheibriados
Dithmenos
Elyvilon
Fedhas
Gozag
Hepliaklqana
Kikubaaqudgha
Makhleb
Nemelex Xobeh
Okawaru
Qazlal
Ru
Sif Muna
Trog
Uskayaw
Vehumet
Wu Jian
Xom
Yredelemnul
Zin
The Shining One

Shops:
D:2 =   D:4 :   D:7 [


Innate Abilities, Weirdness & Mutations

You have a pair of horns on your head.
You reflexively headbutt those who attack you in melee.


Message History

* * * LOW HITPOINT WARNING * * *
The black bear bites you!
* * * LOW HITPOINT WARNING * * *
The black bear claws you but does no damage.
The black bear barely misses you.
Okay, then.
Okay, then.
As you read the scroll of teleportation, it crumbles to dust.
You feel strangely unstable.
You feel stable enough to blink again. The ogre closely misses you.
You furiously retaliate!
You headbutt the ogre! The polar bear closely misses you.
The polar bear claws you but does no damage. x2
The polar bear closely misses you. The polar bear completely misses you.
The polar bear claws you.
* * * LOW HITPOINT WARNING * * *
The black bear barely misses you.
The black bear claws you but does no damage.
The black bear misses you. The black bear bites you.
* * * LOW HITPOINT WARNING * * *
The black bear claws you.
* * * LOW HITPOINT WARNING * * *
The black bear misses you.
Okay, then.
There are monsters nearby!
Okay, then.
The polar bear closely misses you. x2
The polar bear claws you but does no damage.
The polar bear barely misses you. You furiously retaliate!
You headbutt the polar bear, but do no damage.
The polar bear closely misses you.
The polar bear claws you but does no damage.
The black bear closely misses you. The black bear misses you.
The black bear barely misses you.
The black bear bites you but does no damage.
The black bear claws you but does no damage. x2
The ogre closely misses you. You furiously retaliate!
You headbutt the ogre!
The black bear bites you but does no damage.
The black bear claws you.
You die...

#.#.......###
##.#######.#
#..........#
#..#######.###
#..#####.....#######
#.....##............
...##.##.....#######
...##.##.....#.h.#
..†##.##.....#hh@###
.####.###..#.>.Ohh(##.#
.####.# #..#....h......
......# #..#.......##.#
.###..# #..###...### #
..>...# #. # #...#
.##...# .# ......
#...###..#.......#
#..................


You could see 2 polar bears, 4 black bears and an ogre (berserk).

Vanquished Creatures
  2 water moccasins (D:7)
  2 ice beasts
  A black bear (D:4)
  A sky beast (D:8)
  2 ogres
  4 centaurs
  3 phantoms
  4 necrophages
  A bullfrog (D:7)
  3 scorpions
  6 killer bees (D:6)
  A howler monkey (D:8)
  2 jellies
  2 orc priests (D:4)
  3 hounds
  Crazy Yiuf (D:7)
  Terence (D:2)
  7 iguanas
  An orc wizard (D:4)
  3 gnolls (D:3)
  5 adders
  A white imp (D:7)
  An ufetubus (D:5)
  2 worms
  2 dart slugs
  11 orcs
  3 ball pythons (D:4)
  6 bats
  8 endoplasms
  10 goblins
  10 hobgoblins
  9 jackals
  6 quokkas
  3 frilled lizards (D:3)
127 creatures vanquished.

Vanquished Creatures (others)
  A kobold (D:1)
  2 fungi (D:7)
3 creatures vanquished.

Grand Total: 130 creatures vanquished

Notes
Turn   | Place    | Note
-------+----------+-------------------------------------------
     0 | D:1      | flickminster the Minotaur Berserker began the quest for the
                  | Orb.
     0 | D:1      | Reached XP level 1. HP: 19/19 MP: 0/0
   238 | D:1      | Reached XP level 2. HP: 27/27 MP: 1/1
   378 | D:1      | Reached skill level 4 in Axes
   556 | D:2      | Noticed Terence
   563 | D:2      | Killed Terence
   564 | D:2      | Reached XP level 3. HP: 28/34 MP: 2/2
  1125 | D:2      | Found Zegigoupp's Jewellery Shop.
  1190 | D:2      | Reached ** piety under Trog
  1777 | D:2      | Reached XP level 4. HP: 29/41 MP: 3/3
  2348 | D:3      | Noticed a phantom
  2351 | D:3      | Killed a phantom
  2352 | D:3      | Reached skill level 5 in Fighting
  2352 | D:3      | Reached XP level 5. HP: 43/48 MP: 4/4
  2364 | D:3      | Reached skill level 5 in Axes
  2546 | D:3      | Noticed an ogre
  2553 | D:3      | Killed an ogre
  2554 | D:3      | Reached XP level 6. HP: 57/57 MP: 5/5
  2744 | D:3      | Found a basalt altar of Yredelemnul.
  3093 | D:3      | Found a bloodstained altar of Trog.
  3297 | D:3      | Identified the ring of Puggu {Ice rElec rPois Int-3 Dex+7}
  3299 | D:3      | Lost intelligence.
  3548 | D:4      | Found Cicsugh's Self-Improvement Boutique.
  3678 | D:4      | Reached skill level 6 in Axes
  3683 | D:4      | Reached XP level 7. HP: 63/63 MP: 6/6
  3753 | D:4      | Reached skill level 5 in Armour
  4077 | D:4      | Identified the ring "Idiqot" {+Blink AC+4}
  4244 | D:5      | Entered Level 5 of the Dungeon
  4250 | D:5      | Reached skill level 7 in Axes
  4257 | D:5      | Reached *** piety under Trog
  4258 | D:5      | Reached skill level 1 in Stealth
  4263 | D:5      | Reached XP level 8. HP: 63/71 MP: 7/7
  4735 | D:5      | Reached skill level 8 in Axes
  4935 | D:5      | Identified the +1 dagger of Jekuggik {vorpal, *Noise
                  | *Corrode rElec Int+8}
  5019 | D:5      | Found a hide-covered altar of Uskayaw.
  5557 | D:5      | Reached skill level 9 in Axes
  6140 | D:6      | Found a staircase to the Ecumenical Temple.
  6157 | Temple   | Entered the Ecumenical Temple
  6942 | D:7      | Reached XP level 9. HP: 69/79 MP: 8/8
  6951 | D:7      | Found a large runed translucent door.
  6952 | D:7      | Found a large runed translucent door.
  6965 | D:7      | Found an ancient bone altar of Kikubaaqudgha.
  6977 | D:7      | Found a hazy altar of Hepliaklqana.
  6985 | D:7      | Reached skill level 10 in Axes
  7353 | D:7      | Found a burning altar of Makhleb.
  7362 | D:7      | Fell from the grace of Trog
  7362 | D:7      | Became a worshipper of Makhleb the Destroyer
  7523 | D:7      | Found Naynil's Armour Shop.
  7609 | D:7      | Found a runed translucent door.
  7610 | D:7      | Noticed Crazy Yiuf
  7617 | D:7      | Killed Crazy Yiuf
  7627 | D:7      | Identified the +10 hammer of Kufeeseg {vorpal, rF+}
  7795 | D:7      | Found a shadowy altar of Dithmenos.
  7889 | D:7      | Found a glowing golden altar of the Shining One.
  7982 | D:8      | Found a sparkling altar of Nemelex Xobeh.
  7982 | D:8      | Found an iron altar of Okawaru.
  8120 | D:8      | Found a shimmering blue altar of Sif Muna.
  8246 | D:8      | Reached skill level 1 in Maces & Flails
  8374 | D:8      | Noticed a polar bear
  8374 | D:8      | Noticed a polar bear
  8381 | D:8      | HP: 1/79 [black bear[the rage of Trog] (3)]
  8382 | D:8      | Slain by a black bear

Illustrated notes

Levels and vault maps discovered:
D:1:      minmay_arrival_solitary_statue, layout_rooms
D:2:      layout_basic, serial_shops, nicolae_shop_behind_doors,
          minmay_goblin_outpost, uniq_terence
D:3:      layout_loops_corners, general_overflow_altar, marbit_many_paths,
          kennysheep_generic_room_2
D:4:      layout_rooms, nicolae_shop_self_help
D:5:      layout_layer_cave, eat_drink_and_be_merry_uskayaw,
          hangedman_minor_gate_pass
D:6:      layout_gridville, minmay_temple_entry_large_hall
D:7:      layout_basic, tso_altar, mainiacjoe_overflow_surrounded_room,
          jmf_multi_god_temple2, grunt_dithmenos_smoke, serial_shops, shop,
          dk_noncrumbling_3, uniq_crazy_yiuf_cottage
D:8:      layout_loops_ring, lemuel_blue_sif_altar,
          gammafunk_temple_overflow_pools
Temple:   minmay_freezing_vapour_temple

Skill      XL: |  1  2  3  4  5  6  7  8  9 |
---------------+----------------------------+-----
Axes           | 4 5 6 7 9 10 | 10.5
Fighting       | 4 5 6 7 |  7.6
Armour         | 3 4 5 7 8 |  8.2
Dodging        | 3 4 |  4.8
Stealth        | 1 |  1.4
Maces & Flails | 1 |  1.1
Short Blades   | |  0.7
Ranged Weapons | |  0.6
Evocations     | |  0.5

Action                   |  1- 3 |  4- 6 |  7- 9 || total
-------------------------+-------+-------+-------++-------
Melee: Hand axe          |    44 |    69 |   123 ||   236
       Headbutt          |     4 |     7 |    23 ||    34
       Dagger            |       |     3 |       ||     3
       Punch             |       |     1 |     1 ||     2
       Mace              |       |       |    10 ||    10
 Fire: Sling             |     3 |       |       ||     3
Throw: Dart              |       |       |     1 ||     1
Invok: Berserk           |     2 |     4 |     2 ||     8
 Abil: Evoke Blink       |       |       |     2 ||     2
  Use: Scroll            |     1 |     5 |    10 ||    16
       Potion            |       |     5 |     1 ||     6
 Stab: Sleeping          |       |       |     1 ||     1
Armor: Ring mail         |     3 |       |       ||     3
       Animal skin       |     1 |       |       ||     1
       Scale mail        |    11 |    26 |    48 ||    85
       Leather armour    |       |       |    55 ||    55
Dodge: Dodged            |    41 |    37 |   124 ||   202
